 Dungeon Crawl Stone Soup version 0.30-a0-723-gc1506a1cf0 (webtiles) character file.

Game seed: 7012594022912363161

3728 timneilson the Protected (level 10, -5/60 HPs)
             Began as a Gargoyle Fighter on Jan 28, 2023.
             Was a Believer of Okawaru.
             Killed from afar by a steam dragon (18 damage)
             ... with a ball of steam
             ... on level 8 of the Dungeon.
             The game lasted 00:12:19 (6743 turns).

timneilson the Protected (Gargoyle Fighter)         Turns: 6743, Time: 00:12:20

Health: -5/60      AC: 25    Str: 31    XL:     10   Next: 14%
Magic:  12/12      EV:  7    Int:  9    God:    Okawaru [**....]
Gold:   126        SH: 14    Dex:  9    Spells: 9/9 levels left

rFire   . . .      SeeInvis +    a - +0 long sword
rCold   . . .      Faith    .    l - +0 kite shield
rNeg    + . .      Spirit   .    g - +0 plate armour
rPois   ∞          Reflect  +    w - +0 helmet {SInv}
rElec   +          Harm     .    k - +1 cloak
rCorr   .          Rampage  .    (no gloves)
Will    +....                    c - +0 pair of boots Stlth
                                 z - amulet of reflection
HPRegen 0.30/turn                v - ring of the King {Fly rC- Slay+6}
MPRegen 0.13/turn                s - ring "Beman" {Contam Fly rC+ Will+ Str+7}

@: flying
A: sickness immunity, AC +7, negative energy resistance 1, electricity
resistance, torment resistance 1, petrification resistance
a: Renounce Religion, Heroism


You were on level 8 of the Dungeon.
You worshipped Okawaru.
Okawaru was pleased with you.
You visited 2 branches of the dungeon, and saw 9 of its levels.

You collected 486 gold pieces.
You spent 360 gold pieces at shops.

Inventory:

Hand Weapons
 a - a +0 long sword (weapon)
Missiles
 u - a throwing net (quivered)
Armour
 c - a +0 pair of boots (worn)
 g - a +0 plate armour (worn)
 k - a +1 cloak (worn)
 l - a +0 kite shield (worn)
 w - a +0 helmet of see invisible (worn)
 A - the +10 tower shield of Ignorance {rN+ Int-4}
   (You found it on level 6 of the Dungeon)

   Int:       It affects your intelligence (-4).
   rN:        It protects you from negative energy.
Jewellery
 i - a ring of protection from cold
 s - the ring "Beman" (right hand) {Contam Fly rC+ Will+ Str+7}
   (You found it on level 3 of the Dungeon)

   [ring of willpower]

   Str:       It affects your strength (+7).
   rC:        It protects you from cold.
   Fly:       It grants you flight.
   Contam:    It causes magical contamination when unequipped.
   Will:      It increases your willpower.
 v - the ring of the King (left hand) {Fly rC- Slay+6}
   (You found it on level 4 of the Dungeon)

   [ring of flight]

   Slay:      It affects your accuracy & damage with ranged weapons and melee
   (+6).
   rC:        It makes you vulnerable to cold.
   Fly:       It grants you flight.
 z - an amulet of reflection (around neck)
Wands
 j - a wand of roots (4)
 r - a wand of paralysis (7)
Scrolls
 b - 2 scrolls of enchant armour
 f - 2 scrolls of poison
 m - 2 scrolls of silence
 n - a scroll of butterflies
 p - 3 scrolls of teleportation
 q - a scroll of identify
 t - a scroll of amnesia
 x - 3 scrolls of fog
 y - 2 scrolls of blinking
Potions
 d - 4 potions of might
 e - 2 potions of curing
 h - 2 potions of lignification
 o - a potion of magic
 B - a potion of degeneration {unknown}


   Skills:
 + Level 6.0 Fighting
 * Level 6.3 Long Blades
 * Level 8.0 Armour
 + Level 3.5 Dodging
 * Level 7.9 Shields
 + Level 3.3 Invocations
 + Level 3.7 Evocations


You had 9 spell levels left.
You didn't know any spells.
Your spell library contained the following spells:

 Spells                   Type           Power      Damage    Failure   Level
 Wereblood                Tmut           0%         N/A       100%        2
 Orb of Destruction       Conj           0%         9d5       100%        7
 Storm Form               Tmut/Air       0%         N/A       100%        7
 Maxwell's Capacitive Co  Air            0%         ∞         100%        8
 Sublimation of Blood     Necr           Unusable   N/A       N/A         2
 Summon Guardian Golem    Hex/Summ       Unusable   N/A       N/A         3
 Summon Lightning Spire   Summ/Air       Unusable   N/A       N/A         4
 Spellforged Servitor     Conj/Summ      Unusable   N/A       N/A         7
 Summon Hydra             Summ           Unusable   N/A       N/A         7

Dungeon Overview and Level Annotations

Branches:
Dungeon (8/15)             Temple (1/1) D:5
   Lair: D:8-11

Altars:
Cheibriados
Dithmenos
Elyvilon
Fedhas
Gozag
Hepliaklqana
Kikubaaqudgha
Nemelex Xobeh
Okawaru
Qazlal
Ru
Trog
Uskayaw
Vehumet
Wu Jian
Xom
Yredelemnul
Zin
The Shining One

Shops:
D:4 *   D:5 =


Innate Abilities, Weirdness & Mutations

You are immune to sickness and miasma.
Your stone body is resilient. (AC +7)
You are immune to poison.
You resist negative energy. (rN+)
You are resistant to electric shocks. (rElec)
You are resistant to unholy torment.
You are immune to petrification.


Message History

The ball of steam hits you!
You slash the steam dragon!
The steam dragon is almost dead.
You are engulfed in a cloud of scalding steam.
The steam dragon bites you but does no damage.
You block the steam dragon's attack.
The steam dragon bites you but does no damage.
You block the steam dragon's attack.
You completely miss the steam dragon.
The steam dragon is almost dead.
You are engulfed in a cloud of scalding steam.
The steam dragon breathes steam at you. The ball of steam hits you.
You closely miss the steam dragon.
The steam dragon is almost dead.
You block the steam dragon's attack. x2
You barely miss the steam dragon.
The steam dragon is almost dead.
The steam dragon closely misses you. You block the steam dragon's attack.
You completely miss the steam dragon.
The steam dragon is almost dead.
You block the steam dragon's attack. The steam dragon claws you.
The steam dragon breathes steam at you. The ball of steam hits you!!
* * * LOW HITPOINT WARNING * * *
You barely miss the steam dragon.
The steam dragon is almost dead.
You are engulfed in a cloud of scalding steam.
You block the steam dragon's attack.
The steam dragon claws you but does no damage.
You hit the steam dragon.
The steam dragon is almost dead.
You are engulfed in a cloud of scalding steam.
* * * LOW HITPOINT WARNING * * *
You block the steam dragon's attack. The steam dragon barely misses you.
You barely miss the steam dragon.
The steam dragon is almost dead.
The steam dragon breathes steam at you. The ball of steam hits you!!
You die...

##≈ ##.################
#.................#
##.###.######..###.
##.###.# #..# #.
#.<.##.# #..# #.
###..§##.######..####
####...§................
......D@§..#############
####..§§...# ###...###
#...# #####


You could see a steam dragon (catching breath).

Vanquished Creatures
  Pikel (D:4)
  Maggie (D:6)
  A hornet (D:8)
  Prince Ribbit (D:7)
  6 yaks (D:5)
  Menkaure (D:4)
  An acid dragon (D:7)
  3 sky beasts
  A centaur (D:7)
  A phantom (D:4)
  2 bullfrogs
  4 scorpions
  3 wights (D:8)
  A howler monkey (D:5)
  5 orc priests
  A hound (D:5)
  3 jellies
  2 iguanas
  2 orc wizards (D:8)
  5 adders
  5 white imps
  An ufetubus (D:6)
  4 worms
  21 orcs
  4 ball pythons
  6 endoplasms
  3 giant cockroaches
  7 goblins
  11 hobgoblins
  2 jackals (D:2)
  3 quokkas
  6 bats
  2 frilled lizards
  5 kobolds
  3 rats
128 creatures vanquished.

Vanquished Creatures (others)
  4 plants
4 creatures vanquished.

Grand Total: 132 creatures vanquished

Notes
Turn   | Place    | Note
-------+----------+-------------------------------------------
     0 | D:1      | timneilson the Gargoyle Fighter began the quest for the
                  | Orb.
     0 | D:1      | Reached XP level 1. HP: 14/14 MP: 1/1
   177 | D:1      | Reached XP level 2. HP: 16/19 MP: 2/2
   857 | D:2      | Reached XP level 3. HP: 23/23 MP: 3/3
  1084 | D:2      | Found a stormy altar of Qazlal.
  1630 | D:3      | Noticed a scorpion
  1646 | D:3      | HP: 1/23 [scorpion (2)]
  1649 | D:3      | Killed a scorpion
  1650 | D:3      | Reached skill level 4 in Armour
  1650 | D:3      | Reached XP level 4. HP: 4/29 MP: 4/4
  1868 | D:3      | Reached skill level 1 in Dodging
  1915 | D:3      | Reached XP level 5. HP: 22/33 MP: 5/5
  2263 | D:3      | Identified the ring "Beman" {Contam Fly rC+ Will+ Str+7}
  2770 | D:4      | Found Paqdyi's Practical Paraphernalia.
  2996 | D:4      | Identified the ring of the King {Fly rC- Slay+6}
  3010 | D:4      | Noticed Menkaure
  3018 | D:4      | Killed Menkaure
  3019 | D:4      | Reached XP level 6. HP: 29/38 MP: 6/6
  3073 | D:4      | Reached skill level 1 in Evocations
  3321 | D:5      | Entered Level 5 of the Dungeon
  3324 | D:5      | Noticed Pikel
  3370 | D:4      | Killed Pikel
  3371 | D:4      | Reached skill level 5 in Armour
  3371 | D:4      | Reached skill level 5 in Shields
  3371 | D:4      | Reached XP level 7. HP: 23/44 MP: 7/7
  3371 | D:4      | Reached XP level 8. HP: 25/48 MP: 8/8
  3565 | D:5      | Found Fyburocla's Jewellery Emporium.
  3643 | D:5      | Found a staircase to the Ecumenical Temple.
  3648 | Temple   | Entered the Ecumenical Temple
  3793 | Temple   | Became a worshipper of Warmaster Okawaru
  3891 | D:5      | Noticed a yak
  3891 | D:5      | Noticed a yak
  3892 | D:5      | Noticed a yak
  3894 | D:5      | Noticed a yak
  3895 | D:5      | Noticed a yak
  3895 | D:5      | Noticed a yak
  3920 | D:5      | Killed a yak
  3921 | D:5      | Reached skill level 6 in Armour
  3925 | D:5      | Killed a yak
  3926 | D:5      | Reached skill level 5 in Fighting
  3926 | D:5      | Reached skill level 1 in Invocations
  3928 | D:5      | Killed a yak
  3928 | D:5      | Reached * piety under Okawaru
  3929 | D:5      | Reached skill level 5 in Long Blades
  3934 | D:5      | Killed a yak
  3939 | D:5      | Killed a yak
  3940 | D:5      | Reached XP level 9. HP: 19/54 MP: 8/10
  4171 | D:5      | Found a glowing silver altar of Zin.
  4433 | D:6      | Noticed Maggie
  4455 | D:6      | Killed Maggie
  4455 | D:6      | Reached ** piety under Okawaru
  4456 | D:6      | Reached skill level 7 in Armour
  4572 | D:6      | Found a glowing golden altar of the Shining One.
  4786 | D:5      | Bought an amulet of reflection for 360 gold pieces
  4846 | D:6      | Found the +10 tower shield of Ignorance {rN+ Int-4}
  5298 | D:7      | Found a sacrificial altar of Ru.
  5591 | D:7      | Identified the +7 shortbow "Eraru" {freeze, rPois rN+ Str-4
                  | Dex+6}
  5660 | D:7      | Noticed Prince Ribbit
  5673 | D:7      | Killed Prince Ribbit
  6052 | D:8      | Noticed a hornet
  6074 | D:8      | Killed a hornet
  6075 | D:8      | Reached XP level 10. HP: 13/60 MP: 12/12
  6598 | D:8      | Reached skill level 8 in Armour
  6743 | D:8      | Killed from afar by a steam dragon

Illustrated notes

Levels and vault maps discovered:
D:1:      dpeg_arrival_more_subterranean_lakeside_camping, layout_loops_ring
D:2:      layout_loops_ring, basic_altar, serial_bayou_lagoon_b
D:3:      layout_loops_ring, minmay_misc_feat_encased
D:4:      layout_cave_pods, nicolae_alphabet_shops, uniq_menkaure
D:5:      layout_rooms, mainiacjoe_overflow_catwalk,
          minmay_temple_entry_overgrown, serial_shops, shop, uniq_pikel
D:6:      layout_basic, mainiacjoe_overflow_brackets,
          amcnicky_mini_corridor_feature, uniq_maggie
D:7:      layout_loops_ring, nicolae_ru_sacrificial_ziggurat,
          uniq_prince_ribbit1
D:8:      layout_loops_ring, kennysheep_cluttered_room
Temple:   nicolae_temple_bog_church

Skill      XL: |  1  2  3  4  5  6  7  8  9 10 |
---------------+-------------------------------+-----
Long Blades    | 2 3 4 5 6 |  6.3
Armour         | 4 5 6 7 8 |  8.0
Shields        | 4 5 6 7 |  7.9
Dodging        | 1 2 3 |  3.5
Fighting       | 4 5 6 |  6.0
Evocations     | 1 2 3 |  3.7
Invocations    | 1 3 |  3.3

Action                     |  1- 3 |  4- 6 |  7- 9 | 10-12 || total
---------------------------+-------+-------+-------+-------++-------
  Melee: Long sword        |   139 |   146 |   251 |    62 ||   598
 Invoke: Heroism           |       |       |     1 |       ||     1
    Use: Scroll            |     6 |     5 |     4 |       ||    15
         Potion            |     2 |       |     4 |       ||     6
 Armour: Scale mail        |    77 |    76 |   117 |     3 ||   273
         Plate armour      |       |       |       |    23 ||    23
  Dodge: Dodged            |    49 |    64 |    93 |    11 ||   217
  Block: Buckler           |    14 |       |       |       ||    14
         Kite shield       |    41 |    57 |   138 |    47 ||   283
         Reflection        |       |       |     3 |       ||     3

Table legend: (Time is in decaauts)
 A = Elapsed time spent in this place.
 B = Non-inter-level travel time spent in this place.
 C = Inter-level travel time spent in this place.
 D = Time resting spent in this place.
 E = Time spent auto-exploring this place.
 F = Levels seen in this place.
 G = Mean time per level.
                   A        B        C        D        E       F      G
               +--------+--------+--------+--------+--------+-----+--------+
         Total |   6949 |   6707 |    242 |    305 |   4855 |   9 |  772.1 |
       Dungeon |   6781 |   6560 |    221 |    305 |   4737 |   8 |  847.6 |
        Temple |    167 |    146 |     21 |      0 |    118 |   1 |  167.0 |
               +--------+--------+--------+--------+--------+-----+--------+

Top non-repeatable levels by time:
     D:2: 1035 daAuts
     D:4: 1030 daAuts
     D:7: 1009 daAuts
     D:6: 870 daAuts
     D:3: 807 daAuts
     D:5: 766 daAuts
     D:1: 703 daAuts
     D:8: 557 daAuts
  Temple: 167 daAuts
